 Dungeon Sprint DCSS version 0.17-a0-1558-g9d24de5 (webtiles) character file.

2921 OdinFK the Grappler (level 9, -6/101 HPs)
             Began as a Troll Berserker on July 20, 2015.
             Was a High Priest of Trog.
             Mangled by a demonic crawler (9 damage)
             ... in the Dungeon (Sprint I: "Red Sonja").
             The game lasted 00:03:20 (416 turns).

OdinFK the Grappler (Troll Berserker)                Turns: 416, Time: 00:03:20

Health: -6/101     AC:  7    Str: 30    XL:     9   Next: 50%
Magic:  8/8        EV: 14    Int:  3    God:    Trog [*****.]
Gold:   428        SH:  0    Dex:  9    Spells: 0 memorised, 8 levels left

rFire  . . .     SeeInvis .       - Unarmed
rCold  + . .     Clarity  .     i - +2 robe {rC+}
rNeg   . . .     SustAt   .     (no shield)
rPois  .         Gourm    +     (helmet restricted)
rElec  .         Spirit   .     (no cloak)
rCorr  .         Warding  .     (gloves unavailable)
rMut   .         NoTele   +     (boots unavailable)
MR     .....                    (no amulet)
Stlth  +.........               (no ring)
                                (no ring)

@: exhausted, slowed, very slow, not resistant to hostile enchantments, very
unstealthy
A: unfitting armour, claws 3, fast metabolism 3, gourmand, regeneration 2,
shaggy fur 1, tough skin 2
a: Burn Spellbooks, Berserk, Trog's Hand, Brothers in Arms, Renounce Religion


You were in the Dungeon.
You worshipped Trog.
Trog was extremely pleased with you.
You were not hungry.

You visited 1 branch You collected 428 gold pieces.

Inventory:

Armour
 i - a +2 robe of cold resistance (worn)
Magical devices
 j - a wand of frost (16)
Scrolls
 h - a scroll of blinking
 k - a scroll of random uselessness {unknown}
 n - a scroll of identify {unknown}
Potions
 c - a potion of curing
 d - 2 potions of heal wounds
 e - 2 potions of haste
 f - 2 potions of magic
 g - a potion of berserk rage
 l - a potion of degeneration {unknown}
Comestibles
 a - 3 chunks of flesh
 b - a bread ration
 m - a meat ration


   Skills:
 + Level 9.9 Fighting
 + Level 11.9 Dodging
 + Level 2.4 Stealth
 + Level 12.6 Unarmed Combat


You had 8 spell levels left.
You didn't know any spells.

Dungeon Overview and Level Annotations

Branches:
Dungeon (1/1)

Altars:
Cheibriados
Dithmenos
Elyvilon
Fedhas
Gozag
Kikubaaqudgha
Makhleb
Nemelex Xobeh
Okawaru
Qazlal
Ru
Sif Muna
Trog
Vehumet
Xom
Yredelemnul
Zin
The Shining One
Jiyva

Shops:
D =


Innate Abilities, Weirdness & Mutations

You are too large for most types of armour.
You have claws for hands.
Your metabolism is lightning-fast.
You like to eat raw meat.
You heal very quickly.
You are covered in fur (AC +1).
You have very tough skin (AC +2).


Message History

The demonic crawler hits you!
* * * LOW HITPOINT WARNING * * *
The demonic crawler hits you!
* * * LOW HITPOINT WARNING * * *
The demonic crawler closely misses you.
You are no longer berserk.
You are exhausted.
You feel yourself slow down.
You scratch the demonic crawler.
The demonic crawler is almost dead.
The demonic crawler hits you!
* * * LOW HITPOINT WARNING * * *
The demonic crawler hits you.
* * * LOW HITPOINT WARNING * * *
The demonic crawler hits you!
* * * LOW HITPOINT WARNING * * *
The demonic crawler hits you.
* * * LOW HITPOINT WARNING * * *
The demonic crawler hits you!
You die...

###################
..#).'..#__#..(.[.#
..'..#..'..'..#)@s##+#
#'#####'#__####..s†..#
..#...#.####.§#####..+
###..##(#(§§§.# +##
__##'#§.'≈≈§§§+
...'..._#§≈§§.#
._##_.#'##§####
__###+#.#...)# ###
####+###


You could see 2 demonic crawlers.

Vanquished Creatures
  2 centaur warriors (D)
  2 kobold demonologists (D)
  2 demonic crawlers (D)
  A slime creature (D)
  Sigmund (D)
  A yak (D)
  An ogre (D)
  A jelly (D)
  Ijyb (D)
  A giant eyeball (D)
13 creatures vanquished.

Notes
Turn   | Place    | Note
--------------------------------------------------------------
     0 | D        | OdinFK the Troll Berserker began the quest for the Orb.
     0 | D        | Reached XP level 1. HP: 22/22 MP: 0/0
     1 | D        | Noticed Ijyb
    19 | D        | Killed Ijyb
    19 | D        | Reached skill level 4 in Unarmed Combat
    19 | D        | Reached XP level 2. HP: 22/32 MP: 1/1
    22 | D        | Noticed an ogre
    24 | D        | Killed an ogre
    24 | D        | Acquired Trog's second power
    24 | D        | Reached skill level 5 in Dodging
    24 | D        | Reached skill level 5 in Unarmed Combat
    24 | D        | Reached XP level 3. HP: 41/41 MP: 2/2
    24 | D        | Reached XP level 4. HP: 49/49 MP: 3/3
    71 | D        | Noticed Sigmund
    85 | D        | Killed Sigmund
    85 | D        | Reached skill level 6 in Fighting
    85 | D        | Reached skill level 7 in Dodging
    85 | D        | Reached XP level 5. HP: 27/59 MP: 4/4
    85 | D        | Reached XP level 6. HP: 30/67 MP: 5/5
   100 | D        | Found a deep blue altar of Sif Muna.
   101 | D        | Noticed a jelly
   102 | D        | Found a radiant altar of Vehumet.
   110 | D        | Killed a jelly
   131 | D        | Found Waudiphu's Jewellery Emporium.
   131 | D        | Found a white marble altar of Elyvilon.
   131 | D        | Found a stormy altar of Qazlal.
   131 | D        | Found a basalt altar of Yredelemnul.
   131 | D        | Found an iron altar of Okawaru.
   131 | D        | Found a sparkling altar of Nemelex Xobeh.
   131 | D        | Found a shimmering altar of Xom.
   131 | D        | Found an ancient bone altar of Kikubaaqudgha.
   131 | D        | Noticed a yak
   134 | D        | Killed a yak
   134 | D        | Reached skill level 8 in Dodging
   135 | D        | Found a burning altar of Makhleb.
   135 | D        | Found a sacrificial altar of Ru.
   135 | D        | Found a glowing golden altar of the Shining One.
   135 | D        | Found an opulent altar of Gozag.
   135 | D        | Found a glowing silver altar of Zin.
   136 | D        | Found a bloodstained altar of Trog.
   153 | D        | Found a viscous altar of Jiyva.
   153 | D        | Found a blossoming altar of Fedhas.
   153 | D        | Noticed a slime creature
   154 | D        | Found a snail-covered altar of Cheibriados.
   154 | D        | Found a shadowy altar of Dithmenos.
   161 | D        | Killed a slime creature
   161 | D        | Reached skill level 1 in Stealth
   161 | D        | Reached skill level 9 in Unarmed Combat
   161 | D        | Reached XP level 7. HP: 23/78 MP: 6/6
   243 | D        | Noticed a kobold demonologist
   244 | D        | Noticed a kobold demonologist
   245 | D        | Paralysed by a giant eyeball for 2 turns
   247 | D        | Noticed a smoke demon
   250 | D        | Killed a kobold demonologist
   250 | D        | Received a gift from Trog
   250 | D        | Reached skill level 10 in Unarmed Combat
   259 | D        | Killed a kobold demonologist
   259 | D        | Acquired Trog's third power
   259 | D        | Reached XP level 8. HP: 78/89 MP: 7/7
   342 | D        | Noticed a centaur warrior
   342 | D        | Noticed a centaur warrior
   349 | D        | Killed a centaur warrior
   349 | D        | Reached skill level 10 in Dodging
   349 | D        | Reached skill level 11 in Unarmed Combat
   354 | D        | Killed a centaur warrior
   354 | D        | Reached skill level 12 in Unarmed Combat
   354 | D        | Reached XP level 9. HP: 101/101 MP: 8/8
   399 | D        | Noticed a demonic crawler
   399 | D        | Noticed a demonic crawler
   399 | D        | Noticed a demonic crawler
   399 | D        | Noticed a demonic crawler
   403 | D        | Killed a demonic crawler
   406 | D        | Killed a demonic crawler
   416 | D        | HP: 3/101 [demonic crawler (5)]
   416 | D        | Mangled by a demonic crawler

Vault maps used:
D:        dungeon_sprint_1

Action                   |  1- 3 |  4- 6 |  7- 9 || total
-------------------------+-------+-------+-------++-------
Melee: Unarmed           |    17 |    20 |    32 ||    69
Invok: Berserk           |     1 |     1 |     3 ||     5
 Stab: Sleeping          |       |     1 |       ||     1
  Eat: Chunk             |       |     1 |     1 ||     2
       Bread ration      |       |       |     1 ||     1
